 Dungeon Crawl Stone Soup version 0.27-a0-96-gb51a1d6fd6 (webtiles) character file.

Game seed: 2246643768705743644

6738 kae the Martial Artist (level 10, -17/82 HPs)
             Began as a Demonspawn Monk on Jan 19, 2021.
             Was an Initiate of Ru.
             Demolished by Urug
             ... wielding a +5 vorpal broad axe
              (19 damage)
             ... on level 10 of the Dungeon.
             The game lasted 00:08:26 (12864 turns).

kae the Martial Artist (Demonspawn Monk)           Turns: 12864, Time: 00:08:27

Health: -17/82     AC: 10    Str: 21    XL:     10   Next: 75%
Magic:  0/10       EV: 19    Int: 11    God:    Ru [......]
Gold:   858        SH:  0    Dex: 22    Spells: 9/9 levels left

rFire    + . .     SeeInvis .     - Unarmed
rCold    . . .     Faith    .   (no shield)
rNeg     . . .     Spirit   +   a - +1 robe
rPois    .         Reflect  .   (no helmet)
rElec    .         Harm     .   A - +0 cloak
rCorr    .         Rampage  .   (no gloves)
Will     .....                  (no boots)
Stlth    ..........             l - amulet of guardian spirit
HPRegen  0.23/turn              v - +6 ring of dexterity
MPRegen  0.12/turn              d - +6 ring of strength

@: no status effects
A: hooves 2, iridescent scales 3, fire resistance 1, spiny 1, no stealth
a: Renounce Religion


You were on level 10 of the Dungeon.
You worshipped Ru.
Ru was noncommittal.
You visited 2 branches of the dungeon, and saw 11 of its levels.

You collected 858 gold pieces.

Inventory:

Armour
 a - a +1 robe (worn)
 A - a +0 cloak (worn)
Jewellery
 d - a +6 ring of strength (right hand)
 f - an uncursed ring of protection from fire
 l - an amulet of guardian spirit (around neck)
 o - an uncursed ring of poison resistance
 p - an uncursed ring of stealth {unknown}
 v - a +6 ring of dexterity (left hand)
 x - an uncursed ring of wizardry
Wands
 m - a wand of random effects (17)
 u - a wand of flame (18)
 y - a wand of paralysis (14)
 C - a wand of enslavement (9)
Scrolls
 e - 3 scrolls of remove curse
 k - a scroll of fog
 n - 3 scrolls of identify
 r - 2 scrolls of teleportation
 w - 2 scrolls of magic mapping
 z - a scroll of blinking {unknown}
Potions
 b - 3 potions of mutation
 c - a potion of haste
 g - 2 potions of curing
 h - 2 potions of lignification
 i - a potion of ambrosia
 j - 3 potions of attraction
 q - 2 potions of cancellation
 s - a potion of berserk rage
 t - 2 potions of flight
 B - a potion of might {unknown}


   Skills:
 + Level 8.8 Fighting
 + Level 8.1 Dodging
 * Level 11.0 Unarmed Combat


You had 9 spell levels left.
You didn't know any spells.
Your spell library contained the following spells:

 Spells                   Type           Power        Failure   Level
 Corona                   Hex            0%           34%         1
 Magic Dart               Conj           0%           34%         1
 Blink                    Tloc           N/A          47%         2
 Call Imp                 Summ           0%           47%         2
 Ensorcelled Hibernation  Hex/Ice        0%           47%         2
 Slow                     Hex            0%           47%         2
 Confusing Touch          Hex            0%           71%         3
 Conjure Flame            Conj/Fire      0%           71%         3
 Dazzling Flash           Conj/Hex       0%           71%         3
 Mephitic Cloud           Conj/Pois/Air  0%           71%         3
 Tukima's Dance           Hex            0%           71%         3


Dungeon Overview and Level Annotations

Branches:
Dungeon (10/15)            Temple (1/1) D:4            Lair (0/6) D:9
    Orc: D:9-12

Altars:
Ashenzari
Cheibriados
Dithmenos
Elyvilon
Fedhas
Gozag
Hepliaklqana
Kikubaaqudgha
Makhleb
Nemelex Xobeh
Okawaru
Qazlal
Ru
Sif Muna
Trog
Uskayaw
Vehumet
Wu Jian
Xom
Yredelemnul
Zin
The Shining One

Annotations:
D:7 exclusion: door
D:10 Urug


Innate Abilities, Weirdness & Mutations

You have hoof-like feet.
You are completely covered in iridescent scales. (AC +6)
Your flesh is heat resistant. (rF+)
You are partially covered in sharp spines.
You cannot be stealthy.


Message History

Urug hits you with a +5 vorpal broad axe!!
You are too injured to fight recklessly!
You are too injured to fight recklessly!
You are too injured to fight recklessly!
You closely miss Urug. You kick Urug.
Urug is heavily wounded.
Urug hits you with a +5 vorpal broad axe!!
* * * LOW HITPOINT WARNING * * *
You are too injured to fight recklessly!
You are too injured to fight recklessly!
You closely miss Urug. You kick Urug!
Urug is severely wounded.
You hit Urug.
Urug is severely wounded.
Urug hits you with a +5 vorpal broad axe!
* * * LOW HITPOINT WARNING * * *
x2 You closely miss Urug.
You kick Urug.
Urug is severely wounded.
Urug hits you with a +5 vorpal broad axe!!
You die...

#. .. . #. .#
..## #. ..
.o...#. .#
...#.#.#
.....###.# #
#.......#.#
#.o## .[...
##.@.#......
#...<.......
#.............
##.!..........
#......(.....
##.....#.....
.......#####
#.......#
#.......#


You could see Urug.

Vanquished Creatures
  An ugly thing (D:7)
  A kobold demonologist (D:7)
  Maggie (D:8)
  Grinder (D:5)
  A hornet (D:8)
  Sigmund (D:6)
  A wyvern (D:7)
  Edmund (D:6)
  2 wargs (D:9)
  2 acid dragons (D:7)
  Duvessa (D:5)
  2 water moccasins
  3 orc warriors
  An ice beast (D:5)
  3 sky beasts
  5 ogres
  4 phantoms
  2 centaurs
  A big kobold (D:9)
  5 bullfrogs
  A gnoll sergeant (D:8)
  Dowan (D:5)
  7 scorpions
  A killer bee (D:7)
  3 electric eels (D:8)
  A bullfrog zombie (D:7)
  A centaur zombie (D:6)
  2 quasits (D:8)
  3 bullfrog skeletons
  5 orc priests
  3 jellies
  6 hounds
  7 orc wizards
  Crazy Yiuf (D:7)
  2 centaur skeletons
  A gnoll shaman (D:6)
  Natasha (thrice) (D:2)
  8 worker ants
  A killer bee zombie (D:8)
  A hound zombie (D:5)
  A hound skeleton (D:9)
  2 worker ant zombies
  A howler monkey zombie (D:6)
  9 gnolls
  A howler monkey skeleton (D:4)
  13 adders
  2 shadow imps
  4 white imps
  An ufetubus (D:8)
  An adder zombie (D:7)
  An adder skeleton (D:6)
  4 dart slugs (D:1)
  3 leopard geckos
  23 orcs
  7 giant cockroaches
  5 goblins
  9 hobgoblins
  4 jackals (D:2)
  4 quokkas
  2 ball pythons
  7 bats
  6 frilled lizards
  A jackal zombie (D:5)
  14 kobolds
  A leopard gecko skeleton (D:6)
  A leopard gecko zombie (D:6)
  2 quokka skeletons
  4 rats (D:1)
230 creatures vanquished.

Vanquished Creatures (others)
  An iguana (D:10)
  2 plants (D:9)
3 creatures vanquished.

Grand Total: 233 creatures vanquished

Notes
Turn   | Place    | Note
-------+----------+-------------------------------------------
     0 | D:1      | kae the Demonspawn Monk began the quest for the Orb.
     0 | D:1      | Reached XP level 1. HP: 18/18 MP: 1/1
   177 | D:1      | Reached skill level 3 in Unarmed Combat
   271 | D:1      | Gained mutation: You have large cloven feet. [demonic
                  | ancestry]
   271 | D:1      | Reached XP level 2. HP: 17/24 MP: 2/2
   875 | D:1      | Gained mutation: You have hoof-like feet. [demonic
                  | ancestry]
   875 | D:1      | Reached XP level 3. HP: 5/29 MP: 3/3
  1774 | D:2      | Noticed a scorpion
  1784 | D:2      | Killed a scorpion
  1785 | D:2      | Gained mutation: You are partially covered in iridescent
                  | scales. (AC +2) [demonic ancestry]
  1785 | D:2      | Reached XP level 4. HP: 7/35 MP: 4/4
  2149 | D:2      | Reached skill level 4 in Unarmed Combat
  2500 | D:2      | Noticed Natasha
  2509 | D:2      | Killed Natasha
  2965 | D:2      | Noticed Natasha
  2974 | D:2      | Killed Natasha
  2975 | D:2      | Gained mutation: You are mostly covered in iridescent
                  | scales. (AC +4) [demonic ancestry]
  2975 | D:2      | Reached XP level 5. HP: 34/42 MP: 5/5
  3621 | D:2      | Noticed Natasha
  3634 | D:2      | Killed Natasha
  4504 | D:3      | Found a faded altar of an unknown god.
  4625 | D:3      | Found a stormy altar of Qazlal.
  4815 | D:3      | Found a shimmering blue altar of Sif Muna.
  5063 | D:4      | Found a staircase to the Ecumenical Temple.
  5102 | Temple   | Entered the Ecumenical Temple
  5178 | Temple   | Became a worshipper of Ru the Awakened
  5331 | D:4      | Gained mutation: You are completely covered in iridescent
                  | scales. (AC +6) [demonic ancestry]
  5331 | D:4      | Reached XP level 6. HP: 48/48 MP: 6/6
  5503 | D:4      | Reached skill level 5 in Unarmed Combat
  5758 | D:4      | Found a white marble altar of Elyvilon.
  5915 | D:5      | Entered Level 5 of the Dungeon
  6122 | D:5      | Noticed Duvessa
  6122 | D:5      | Noticed Dowan
  6152 | D:5      | Killed Duvessa
  6153 | D:5      | Reached XP level 7. HP: 25/55 MP: 4/7
  6162 | D:5      | Killed Dowan
  6544 | D:5      | Reached skill level 5 in Fighting
  6544 | D:5      | Reached skill level 6 in Unarmed Combat
  6928 | D:5      | Reached skill level 5 in Dodging
  6928 | D:5      | Reached XP level 8. HP: 63/63 MP: 8/8
  7459 | D:6      | Noticed Sigmund
  7466 | D:6      | Killed Sigmund
  7467 | D:6      | Reached skill level 7 in Unarmed Combat
  7598 | D:6      | Noticed Grinder
  7723 | D:5      | Killed Grinder
  7954 | D:6      | Found a burning altar of Makhleb.
  7954 | D:6      | Noticed a cacodemon
  8066 | D:6      | Noticed Edmund
  8078 | D:6      | Killed Edmund
  8079 | D:6      | Reached skill level 8 in Unarmed Combat
  8283 | D:6      | Gained mutation: You are partially covered in sharp spines.
                  | [demonic ancestry]
  8283 | D:6      | Reached XP level 9. HP: 46/71 MP: 6/9
  8650 | D:6      | Found a glowing silver altar of Zin.
  8716 | D:7      | Found a shadowy altar of Dithmenos.
  8781 | D:7      | Found a blossoming altar of Fedhas.
  8968 | D:7      | Found a radiant altar of Vehumet.
  9216 | D:7      | Found a hazy altar of Hepliaklqana.
  9360 | D:7      | Found a runed translucent door.
  9361 | D:7      | Noticed Crazy Yiuf
  9496 | D:7      | Killed Crazy Yiuf
  9689 | D:7      | Reached skill level 9 in Unarmed Combat
  9694 | D:7      | Noticed a boulder beetle
  9694 | D:7      | Noticed a brown ugly thing
 10330 | D:8      | Noticed Maggie
 10340 | D:8      | Killed Maggie
 10341 | D:8      | Gained mutation: Your flesh is heat resistant. (rF+)
                  | [demonic ancestry]
 10341 | D:8      | Reached XP level 10. HP: 80/80 MP: 10/10
 10753 | D:8      | Reached skill level 10 in Unarmed Combat
 10979 | D:7      | Killed a brown ugly thing
 11044 | D:7      | HP: 1/82 [boulder beetle (7)]
 11471 | D:9      | Gained mutation: You cannot be stealthy. [Ru sacrifice]
 12157 | D:9      | Found a staircase to the Lair.
 12561 | D:9      | Reached skill level 11 in Unarmed Combat
 12759 | D:10     | Entered Level 10 of the Dungeon
 12761 | D:10     | Noticed Urug
 12863 | D:10     | HP: 4/82 [Urug/+5 vorpal broad axe (14)]
 12864 | D:10     | Demolished by Urug

Illustrated notes

Levels and vault maps discovered:
D:1:      shiori_shiawase, layout_basic
D:2:      kennysheep_big_flooded_room, layout_basic, uniq_natasha
D:3:      layout_rooms, nicolae_qazlal_general_emergency,
          nicolae_overflow_hidden_temple, chequers_ecumenical_altar_island
D:4:      layout_loops_ring, elyvilon_altar_1, minmay_temple_entry_butterflies
D:5:      layout_loops_ring, uniq_duvessa
D:6:      layout_loops_ring, zin_treasury, makhleb_altar_promises_db,
          uniq_edmund, uniq_sigmund, uniq_grinder
D:7:      minmay_klotski, layout_basic, fedhas_altar_1,
          nzn_hepliaklqana_mist_gate, nicolae_overflow_crystal_walls,
          vehumet_crystals, uniq_crazy_yiuf_cottage
D:8:      layout_loops_ring, minivault_14, chequers_serial_rivers_micro_e,
          uniq_maggie
D:9:      layout_loops_ring, erik_lair_orcish_takeover
D:10:     layout_rooms, muffindrake_ghost_dual_entry, uniq_urug
Temple:   dshaligram_water_room_temple

Skill      XL: |  1  2  3  4  5  6  7  8  9 10 |
---------------+-------------------------------+-----
Unarmed Combat | 3 4 5 6 8 9 11 | 11.0
Dodging        | 3 4 5 6 7 8 |  8.1
Fighting       | 4 5 6 7 8 |  8.8
Stealth        | 0 |  0.0

Action                   |  1- 3 |  4- 6 |  7- 9 | 10-12 || total
-------------------------+-------+-------+-------+-------++-------
Melee: Unarmed           |    96 |   209 |   321 |   145 ||   771
       Kick              |    18 |    62 |   131 |    66 ||   277
       Punch             |     2 |     5 |    12 |     9 ||    28
Invok: Reject Sacrifices |       |     1 |       |       ||     1
       Sacrifice Stealth |       |       |       |     1 ||     1
Evoke: Wand              |       |       |     5 |       ||     5
  Use: Potion            |       |     1 |     1 |     1 ||     3
       Scroll            |       |     9 |    10 |     2 ||    21
 Stab: Sleeping          |     2 |     3 |     6 |     1 ||    12
       Distracted        |       |       |     1 |     1 ||     2
Armor: Robe              |    14 |    43 |    53 |    18 ||   128
       Skin              |       |       |     2 |       ||     2
Dodge: Dodged            |    69 |   119 |   179 |   104 ||   471

Table legend: (Time is in decaauts)
 A = Elapsed time spent in this place.
 B = Non-inter-level travel time spent in this place.
 C = Inter-level travel time spent in this place.
 D = Time resting spent in this place.
 E = Time spent auto-exploring this place.
 F = Levels seen in this place.
 G = Mean time per level.
                   A        B        C        D        E       F      G
               +--------+--------+--------+--------+--------+-----+--------+
         Total |  12777 |  12453 |    324 |   1862 |   9010 |  11 | 1161.5 |
       Dungeon |  12684 |  12381 |    303 |   1862 |   8941 |  10 | 1268.4 |
        Temple |     92 |     71 |     21 |      0 |     69 |   1 |   92.0 |
               +--------+--------+--------+--------+--------+-----+--------+

Top non-repeatable levels by time:
     D:2: 2882 daAuts
     D:7: 1696 daAuts
     D:5: 1588 daAuts
     D:1: 1581 daAuts
     D:9: 1437 daAuts
     D:6: 1102 daAuts
     D:8: 977 daAuts
     D:4: 827 daAuts
     D:3: 572 daAuts
  Temple: 92 daAuts
    D:10: 18 daAuts
